 Dungeon Crawl Stone Soup version 0.31.0-32-g396128a36d (webtiles) character file.

Game seed: 4665094079117028234

4650 hawla the Destroyer (level 10, -3/47 HPs)
             Began as a Deep Elf Fire Elementalist on Apr 12, 2024.
             Was a Follower of Vehumet.
             Slain by a gnoll sergeant
             ... wielding a +2 spear of venom
              (9 damage)
             ... on level 9 of the Dungeon.
             The game lasted 00:18:20 (9347 turns).

hawla the Destroyer (Deep Elf Fire Elementalist)    Turns: 9347, Time: 00:18:22

Health: -3/47      AC:  6    Str:  4 (5)  XL:     10   Next: 20%
Magic:  16/17      EV: 13    Int: 20 (23) God:    Vehumet [*.....]
Gold:   193        SH:  5    Dex: 16 (17) Spells: 1/16 levels left

rFire   . . .        g - +4 dagger (venom)
rCold   . . .        y - +0 buckler
rNeg    . . .        i - +0 steam dragon scales
rPois   .            (no helmet)
rElec   .            (no cloak)
rCorr   .            (no gloves)
SInv    .            n - +0 pair of boots
Will    ++...        e - amulet of magic regeneration
Stlth   ++           k - ring of willpower
HPRegen 0.27/turn    (no ring)
MPRegen 0.55/turn

%: no passive effects
@: lethally poisoned (-3 -> -24)
A: frail 1
a: Renounce Religion


You were on level 9 of the Dungeon.
You worshipped Vehumet.
Vehumet was aware of your devotion.
You visited 2 branches of the dungeon, and saw 10 of its levels.

You collected 509 gold pieces.
You spent 316 gold pieces at shops.

Inventory:

Hand Weapons
 g - a +4 dagger of venom (weapon)
 D - a +5 scimitar
Armour
 i - +0 steam dragon scales (worn)
 n - a +0 pair of boots (worn)
 y - a +0 buckler (worn)
Jewellery
 e - an amulet of magic regeneration (around neck)
 k - a ring of willpower (left hand)
 q - a +6 ring of intelligence
 u - a +4 ring of protection
 w - a ring of protection from cold
Wands
 a - a wand of iceblast (6)
 f - a wand of charming (13)
 j - a wand of flame (70)
 B - a wand of polymorph (5)
Scrolls
 d - 2 scrolls of enchant weapon
 h - 5 scrolls of poison
 l - a scroll of fear
 m - 3 scrolls of teleportation
 o - a scroll of vulnerability
 s - a scroll of brand weapon
 t - a scroll of immolation {unknown}
 v - a scroll of acquirement
 x - 3 scrolls of identify
Potions
 b - a potion of magic
 c - 3 potions of enlightenment
 p - a potion of degeneration
 r - a potion of brilliance {unknown}
 z - 2 potions of heal wounds {unknown}
 A - 2 potions of attraction {unknown}
 C - a potion of berserk rage


   Skills:
 - Level 2.0 Fighting
 + Level 5.2(5.3) Short Blades
 - Level 1.5(3.3) Long Blades
 + Level 4.4 Dodging
 - Level 3.0 Stealth
 + Level 2.4 Shields
 - Level 3.6 Spellcasting
 - Level 9.5 Conjurations
 - Level 6.5 Fire Magic
 + Level 3.2 Air Magic
 - Level 6.0 Earth Magic
 - Level 3.4 Evocations


You had one spell level left.
You knew the following spells:

 Your Spells              Type           Power      Damage    Failure   Level
a - Foxfire               Conj/Fire      100%       2x1d9     1%          1
b - Scorch                Fire           58%        2d7       2%          2
c - Flame Wave            Conj/Fire      35%        2d10      10%         4
d - Brom's Barrelling Bo  Conj/Erth      34%        2d5       11%         4
e - Airstrike             Air            8%         2d(2-18)  56%         4

Your spell library contained the following spells:

 Spells                   Type           Power      Damage    Failure   Level
 Freeze                   Ice            12%        1d3       26%         1
 Shock                    Conj/Air       100%       1d9       1%          1
 Hailstorm                Conj/Ice       22%        3d7       11%         3
 Iskenderun's Battlesphe  Conj           42%        2d9       14%         5
 Inner Flame              Hex/Fire       16%        N/A       21%         3
 Swiftness                Air            16%        N/A       21%         3
 Volatile Blastmotes      Fire/Tloc      32%        2d12      21%         3
 Fireball                 Conj/Fire      17%        3d9       26%         5
 Jinxbite                 Hex            6%         N/A       36%         2
 Arcjolt                  Conj/Air       14%        1d24      45%         5
 Sticky Flame             Fire/Alch      16%        2d5       54%         4
 Summon Ice Beast         Ice/Summ       3%         N/A       58%         3
 Vhi's Electric Charge    Tloc/Air       20%        N/A       78%         4
 Conjure Ball Lightning   Conj/Air       14%        3x3d6     96%         6
 Plasma Beam              Fire/Air       11%        2x1d22    99%         6
 Orb of Destruction       Conj           21%        9d8       99%         7
 Yara's Violent Unravell  Hex/Alch       1%         3d3       100%        5
 Sculpt Simulacrum        Ice/Alch       1%         N/A       100%        6
 Enfeeble                 Hex            1%         N/A       100%        7


Dungeon Overview and Level Annotations

Branches:
Dungeon (9/15)             Temple (1/1) D:7
   Lair: D:8-11         Orc: D:9-12

Altars:
Cheibriados
Dithmenos
Fedhas
Gozag
Hepliaklqana
Kikubaaqudgha
Makhleb
Nemelex Xobeh
Okawaru
Qazlal
Ru
Sif Muna
Trog
Uskayaw
Vehumet
Wu Jian
Xom
Yredelemnul
Zin
The Shining One

Shops:
D:8 *

Annotations:
D:8 1 transporter
D:9 Jeremiah


Innate Abilities, Weirdness & Mutations

You are frail. (-10% HP)


Message History

There is an open door here.
l - a scroll of fear An acid dragon comes into view.
An acid dragon is nearby!
An acid dragon is nearby!
Found a scroll labelled NOASMI POIS NURE and a scroll labelled LAMETI PUUCY.
A gnoll sergeant comes into view. It is wielding a +2 spear of venom.
The gnoll sergeant shouts!
Jeremiah, Barachi Dreamer comes into view.
They are wielding a +2 trident of draining, wearing an orb of guile and carrying a wand of iceblast.
The gnoll sergeant hits you from afar with a +2 spear of venom!
You are poisoned.
A gnoll comes into view. It is wielding a +0 spear.
You feel very sick.
Jeremiah shouts!
The gnoll shouts!
The acid dragon roars!
You hear two shouts!
The gnoll sergeant hits you with a +2 spear of venom.
You are more poisoned.
You hit the gnoll sergeant but do no damage.
The gnoll sergeant is poisoned.
You feel very sick.
The gnoll sergeant hits you with a +2 spear of venom.
You are more poisoned.
You are too injured to fight recklessly!
Unknown command.
Casting: Scorch (safe; 1% risk of failure)
Confirm with . or Enter, or press ? or * to list all spells.
Flames lash the butterfly.
You kill the butterfly!
The butterfly disappears in a burst of colours!
* * * LOW HITPOINT WARNING * * *
You feel extremely sick.
You hear a shout!
You block the gnoll sergeant's attack.
It was a potion of degeneration.
There was something very wrong with that liquid.
You feel weakened.
You feel dopey.
You feel clumsy.
* * * LOW HITPOINT WARNING * * *
You feel very sick.
Jeremiah hops!
The gnoll sergeant hits you with a +2 spear of venom!
You die...

.F. ... .'# #g#
○b# #D# #g# #@#
#.#
######.########
.............?.?
#######..#######
##.# #.# .## #.#
..# #.# #.#


You could see Jeremiah, an acid dragon, a gnoll sergeant (very poisoned) and a
gnoll.

Vanquished Creatures
  Maggie (D:6)
  Psyche (D:8)
  A shadow (D:7)
  Sigmund (D:6)
  3 wyverns
  2 steam dragons
  Menkaure (D:7)
  Duvessa (D:6)
  A black bear (D:8)
  2 ogres (D:6)
  A centaur (D:6)
  3 phantoms
  3 bullfrogs
  2 kobold brigands
  2 gnoll sergeants (D:6)
  17 wights
  Dowan (D:6)
  A howler monkey (D:7)
  3 jellies
  4 orc priests
  A bombardier beetle (D:4)
  3 hounds
  2 gnoll boudas
  5 sleepcaps
  2 iguanas (D:5)
  5 orc wizards
  10 gnolls
  7 adders
  A shadow imp (D:6)
  3 white imps
  2 ribbon worms
  A dart slug (D:3)
  9 orcs
  4 endoplasms
  7 giant cockroaches
  7 goblins
  13 hobgoblins
  6 jackals
  14 kobolds
  3 quokkas
  10 ball pythons
  5 bats
  A frilled lizard (D:1)
  7 rats
179 creatures vanquished.

Vanquished Creatures (collateral kills)
  2 boulders (D:6)
2 creatures vanquished.

Vanquished Creatures (others)
  209 foxfires
209 creatures vanquished.

Grand Total: 390 creatures vanquished

Notes
Turn   | Place    | Note
-------+----------+-------------------------------------------
     0 | D:1      | hawla the Deep Elf Fire Elementalist began the quest for
                  | the Orb.
     0 | D:1      | Reached XP level 1. HP: 10/10 MP: 6/6
   306 | D:1      | Reached XP level 2. HP: 15/15 MP: 6/8
   887 | D:2      | Reached skill level 1 in Short Blades
   985 | D:2      | Reached XP level 3. HP: 19/19 MP: 9/9
  1945 | D:3      | Found a burning altar of Makhleb.
  2007 | D:3      | Reached XP level 4. HP: 9/24 MP: 8/10
  2010 | D:3      | Learned a level 2 spell: Scorch
  2131 | D:3      | Found a faded altar of an unknown god.
  2464 | D:3      | Learned a level 4 spell: Flame Wave
  2709 | D:3      | Found a sparkling altar of Nemelex Xobeh.
  2711 | D:3      | Found a hide-covered altar of Uskayaw.
  2726 | D:3      | Found a glowing silver altar of Zin.
  3263 | D:4      | Noticed a phantom
  3272 | D:4      | Killed a phantom
  3273 | D:4      | Reached skill level 2 in Conjurations
  3273 | D:4      | Reached skill level 1 in Evocations
  3273 | D:4      | Reached XP level 5. HP: 9/28 MP: 2/11
  3401 | D:4      | Found a shadowy altar of Dithmenos.
  3935 | D:5      | Entered Level 5 of the Dungeon
  3997 | D:5      | Reached skill level 5 in Fire Magic
  3997 | D:5      | Reached XP level 6. HP: 32/32 MP: 12/12
  4244 | D:5      | Reached skill level 3 in Conjurations
  4812 | D:6      | Identified a scroll of acquirement
  4814 | D:6      | Acquired a book of the Spheres
  4821 | D:6      | Learned a level 4 spell: Brom's Barrelling Boulder
  4833 | D:6      | Reached XP level 7. HP: 30/36 MP: 13/13
  4844 | D:6      | Reached skill level 4 in Conjurations
  5092 | D:6      | Reached skill level 1 in Earth Magic
  5311 | D:6      | Noticed Sigmund
  5321 | D:6      | Killed Sigmund
  5336 | D:6      | Reached skill level 5 in Conjurations
  5564 | D:6      | Noticed Dowan
  5569 | D:6      | Noticed Duvessa
  5570 | D:6      | Noticed Maggie
  5575 | D:6      | Killed Dowan
  5576 | D:6      | Reached XP level 8. HP: 17/41 MP: 9/14
  5742 | D:6      | Reached skill level 6 in Conjurations
  5795 | D:6      | Killed Maggie
  5796 | D:6      | Reached skill level 7 in Conjurations
  5887 | D:6      | Killed Duvessa
  6132 | D:6      | Reached skill level 8 in Conjurations
  6265 | D:6      | Reached skill level 5 in Earth Magic
  6433 | D:6      | Reached XP level 9. HP: 9/45 MP: 10/15
  6739 | D:7      | Gained mutation: You occasionally lose the ability to drink
                  | potions when taking damage. [potion of mutation]
  6739 | D:7      | Gained mutation: You expend magic power (3 MP) to
                  | strengthen your wands. [potion of mutation]
  6740 | D:7      | Lost mutation: You expend magic power (3 MP) to strengthen
                  | your wands. [potion of mutation]
  6740 | D:7      | Lost mutation: You occasionally lose the ability to drink
                  | potions when taking damage. [potion of mutation]
  6740 | D:7      | Gained mutation: You are frail. (-10% HP) [potion of
                  | mutation]
  6766 | D:7      | Reached skill level 9 in Conjurations
  6883 | D:7      | Found a staircase to the Ecumenical Temple.
  6892 | Temple   | Entered the Ecumenical Temple
  6913 | Temple   | Became a worshipper of Vehumet
  7022 | D:7      | Noticed Menkaure
  7027 | D:7      | Killed Menkaure
  7301 | D:7      | Reached skill level 1 in Long Blades
  7700 | D:7      | Found an opulent altar of Gozag.
  8005 | D:8      | Reached skill level 1 in Air Magic
  8010 | D:8      | Learned a level 4 spell: Airstrike
  8128 | D:8      | Reached skill level 1 in Shields
  8131 | D:8      | Reached skill level 1 in Fighting
  8270 | D:8      | HP: 2/42 [wyvern (8)]
  8273 | D:8      | Noticed Psyche
  8282 | D:8      | Killed Psyche
  8282 | D:8      | Reached * piety under Vehumet
  8282 | D:8      | Offered knowledge of Freeze by Vehumet.
  8411 | D:8      | Reached XP level 10. HP: 44/47 MP: 14/17
  8537 | D:8      | Found a transporter.
  8631 | D:8      | Found Tinleax's Assorted Antiques.
  8639 | D:8      | Bought a scroll labelled COUWOJ DEYBUNK for 23 gold pieces
  8639 | D:8      | Bought a bubbling grey potion for 20 gold pieces
  8639 | D:8      | Bought a scroll of identify for 46 gold pieces
  8639 | D:8      | Bought a shiny gold wand for 92 gold pieces
  8639 | D:8      | Bought a potion of berserk rage for 115 gold pieces
  8639 | D:8      | Bought a bubbling grey potion for 20 gold pieces
  8687 | D:8      | Found a glowing golden altar of the Shining One.
  8874 | D:9      | Reached skill level 5 in Short Blades
  9343 | D:9      | Noticed Jeremiah
  9347 | D:9      | Slain by a gnoll sergeant

Illustrated notes

Levels and vault maps discovered:
D:1:      dpeg_arrival_boxes_within_box, layout_basic, interstate_on_off
D:2:      layout_basic, chequers_decorated_corner, serial_bayou_lake_a
D:3:      layout_basic, nicolae_overflow_macrodata_refinement,
          ebering_ecumenical_altar_mist
D:4:      layout_cave_pods, amcnicky_altar_gilded
D:5:      layout_basic, minmay_misc_feat_room,
          serial_library_regret_index_branch_corner
D:6:      kennysheep_housing_project, layout_cave_pools, serial_rivers,
          chequers_serial_rivers_micro_a, chequers_serial_rivers_room_a,
          chequers_serial_rivers_micro_c, chequers_serial_rivers_room_b,
          chequers_serial_rivers_room_a, grunt_ministairs_3, uniq_duvessa,
          uniq_sigmund, uniq_maggie
D:7:      layout_gridville, mainiacjoe_overflow_alcove_4,
          minmay_temple_entry_crystal_x, uniq_menkaure
D:8:      layout_cave_pools, tso_oasis_becter, serial_shops,
          nicolae_shop_behind_doors, nicolae_diode_basic, uniq_psyche
D:9:      layout_roguey, lemuel_tele_altar, uniq_jeremiah
Temple:   nicolae_temple_bog_church

Skill      XL: |  1  2  3  4  5  6  7  8  9 10 |
---------------+-------------------------------+-----
Fire Magic     | 4 5 6 |  6.5
Short Blades   | 1 2 3 4 5 |  5.2
Conjurations   | 2 3 5 8 9 |  9.5
Evocations     | 1 2 3 |  3.4
Earth Magic    | 2 5 6 |  6.0
Long Blades    | 1 |  1.5
Air Magic      | 2 3 |  3.2
Stealth        | 3 |  3.0
Shields        | 1 2 |  2.4
Dodging        | 3 4 |  4.4
Fighting       | 1 2 |  2.0
Spellcasting   | |  3.6

Action                     |  1- 3 |  4- 6 |  7- 9 | 10-12 || total
---------------------------+-------+-------+-------+-------++-------
  Melee: Unarmed           |     9 |       |       |       ||     9
         Dagger            |    48 |    79 |   129 |    18 ||   274
         Punch             |       |     1 |       |       ||     1
   Cast: Foxfire           |    27 |    25 |    66 |       ||   118
         Scorch            |       |    24 |    40 |     5 ||    69
         Flame Wave        |       |     2 |     8 |     6 ||    16
         Brom's Barrelling |       |       |     2 |       ||     2
  Evoke: Wand              |       |       |     2 |       ||     2
    Use: Scroll            |     5 |     7 |     4 |     1 ||    17
         Potion            |     1 |     1 |     8 |     1 ||    11
   Stab: Sleeping          |    10 |     3 |       |       ||    13
         Distracted        |     1 |       |       |       ||     1
 Armour: Robe              |    22 |    38 |    28 |       ||    88
         Skin              |     6 |     3 |     4 |       ||    13
         Steam dragon scal |       |       |    74 |    23 ||    97
  Dodge: Dodged            |    30 |    50 |   107 |    11 ||   198
  Block: Buckler           |       |       |     7 |     7 ||    14
